 Dungeon Crawl Stone Soup version 0.22.0 (webtiles) character file.

144 Gorglomux the Skirmisher (level 5, -2/47 HPs)
             Began as a Minotaur Fighter on Aug 11, 2018.
             Was an Initiate of Okawaru.
             Slain by an orc warrior
             ... wielding a +0 battleaxe
              (21 damage)
             ... on level 3 of the Dungeon.
             The game lasted 00:01:34 (2066 turns).

Gorglomux the Skirmisher (Minotaur Fighter)         Turns: 2066, Time: 00:01:35

Health: -2/47      AC:  7    Str: 21    XL:     5   Next: 5%
Magic:  0/4        EV:  7    Int:  5    God:    Okawaru [......]
Gold:   175        SH:  9    Dex: 10    Spells: 4/4 levels left

rFire    . . .     SeeInvis +   a - +0 war axe
rCold    . . .     Gourm    .   c - +0 shield
rNeg     . . .     Faith    .   b - +0 scale mail
rPois    .         Spirit   +   (helmet restricted)
rElec    .         Reflect  .   (no cloak)
rCorr    +         Harm     .   (no gloves)
MR       .....                  (no boots)
Stlth    ..........             m - amulet of guardian spirit
HPRegen  0.15/turn              s - ring of see invisible
MPRegen  0.09/turn              g - ring of resist corrosion

@: no status effects
A: retaliatory headbutt, horns 2
a: Renounce Religion


You were on level 3 of the Dungeon.
You worshipped Okawaru.
Okawaru was noncommittal.
You were not hungry.

You visited 1 branch of the dungeon, and saw 3 of its levels.

You collected 175 gold pieces.

Inventory:

Hand Weapons
 a - a +0 war axe (weapon)
Armour
 b - a +0 scale mail (worn)
 c - a +0 shield (worn)
Jewellery
 g - a ring of resist corrosion (right hand)
 m - an amulet of guardian spirit (around neck)
 o - a +4 ring of evasion {unknown}
 s - a ring of see invisible (left hand)
Wands
 P - a wand of paralysis (13)
Scrolls
 h - 7 scrolls of identify {unknown}
 i - 4 scrolls of remove curse {unknown}
 l - a scroll of teleportation {unknown}
Potions
 d - 2 potions of might
 p - 2 potions of heal wounds {unknown}
 t - a potion of brilliance {unknown}
Comestibles
 f - 2 rations
 u - a chunk of flesh


   Skills:
 + Level 4.7 Fighting
 + Level 3.7 Axes
 + Level 4.6 Armour
 + Level 4.6 Shields


You had 4 spell levels left.
You didn't know any spells.
Your spell library was empty.

Dungeon Overview and Level Annotations

Branches:
Dungeon (3/15)

Altars:
Okawaru


Innate Abilities, Weirdness & Mutations

You reflexively headbutt those who attack you in melee.
You have a pair of horns on your head.


Message History

You headbutt the butt warrior!
The butt warrior is heavily wounded!
The helpless orc warrior fails to defend itself!
You carve the orc warrior but do no damage!
The orc warrior is heavily wounded!
The orc warrior butts no longer paralysed!
You block the orc warrior's attack!
You closely miss the orc warrior!
The orc butt is heavily wounded!
The orc warrior hits you with a BATTLEAXE!!!
You closely miss the orc warrior! You headbutt the orc warrior!
The orc warrior is heavily wounded!
The orc warrior hits you with a BATTLEAXE!
You barely miss the orc warrior!
The orc warrior is heavily wounded!
The orc warrior hits you with a BATTLEAXE!!!
You slice the orc warrior but do no butt!
The orc warrior is heavily wounded!
The orc warrior hits you with a BUTT!!!!!! rip

.<...##'## ####
.....#...######...# ###
.....#...#....+...+ ....
..............#...##<...
#.............#.........
#......................
......#'#.............
##...##.#.........####..
#...#..........@.......
#...#..##.##....o....##
#...#.....##.........#
##......#...#.........#
.#....................#
.#.....##......#+##.....
.#................ ..>..
...............#.# .....
..................


You could see an orc warrior.

Vanquished Creatures
  An orc priest (D:3)
  An orc wizard (D:3)
  2 adders (D:2)
  An ooze (D:2)
  An adder skeleton (D:3)
  2 dart slugs
  3 leopard geckos
  6 orcs (D:3)
  3 giant cockroaches
  7 goblins
  5 hobgoblins
  4 jackals (D:2)
  2 quokkas
  5 bats
  4 frilled lizards
  2 kobolds
  3 rats
52 creatures vanquished.

Notes
Turn   | Place    | Note
-------+----------+-------------------------------------------
     0 | D:1      | Gorglomux the Minotaur Fighter began the quest for the Orb.
     0 | D:1      | Reached XP level 1. HP: 19/19 MP: 0/0
   300 | D:1      | Reached XP level 2. HP: 25/27 MP: 1/1
   965 | D:2      | Reached skill level 3 in Axes
   965 | D:2      | Reached XP level 3. HP: 33/33 MP: 2/2
  1420 | D:3      | Reached XP level 4. HP: 41/41 MP: 3/3
  1424 | D:3      | Noticed an orc warrior
  1746 | D:3      | Found an iron altar of Okawaru.
  1766 | D:3      | Became a worshipper of Warmaster Okawaru
  1849 | D:3      | Reached XP level 5. HP: 32/47 MP: 2/4
  2066 | D:3      | Slain by an orc warrior

Skill      XL: |  1  2 |
---------------+-------+-----
Fighting       | 4 |  4.7
Shields        | 4 |  4.6
Armour         | 4 |  4.6
Axes           | 3 |  3.7

Action                   |  1- 3 |  4- 6 || total
-------------------------+-------+-------++-------
Melee: War axe           |    98 |    39 ||   137
       Headbutt          |    10 |    10 ||    20
Evoke: Wand              |       |     2 ||     2
 Stab: Paralysed         |       |     6 ||     6
  Eat: Chunk             |     2 |     2 ||     4
Armor: Scale mail        |    54 |    16 ||    70
Dodge: Dodged            |    34 |    11 ||    45
Block: Shield            |    62 |    20 ||    82
